 Dungeon Crawl Stone Soup version 0.30-a0-908-g5a111fc481 (webtiles) character file.

Game seed: 14100219703917330100

2265 sanka the Cleaver (level 9, -12/82 HPs)
             Began as a Hill Orc Monk on Mar 19, 2023.
             Was a Priest of Beogh.
             Mangled by a two-headed ogre
             ... wielding a +0 giant spiked club
              (26 damage)
             ... on level 8 of the Dungeon.
             The game lasted 00:11:53 (7210 turns).

sanka the Cleaver (Hill Orc Monk)                   Turns: 7210, Time: 00:11:54

Health: -12/82     AC:  8    Str: 30    XL:     9   Next: 38%
Magic:  12/12      EV: 11    Int: 10    God:    Beogh [***...]
Gold:   207        SH:  0    Dex: 13    Spells: 8/8 levels left

rFire   . . .      SeeInvis .    O - +3 hand axe
rCold   . . .      Faith    .    (no shield)
rNeg    . . .      Spirit   .    u - +0 scale mail
rPois   .          Reflect  .    y - +0 helmet
rElec   .          Rampage  .    (no cloak)
rCorr   .                        o - +0 pair of gloves
Will    .....                    (no boots) Stlth
                                 z - amulet of the acrobat
HPRegen 0.33/turn                K - +6 ring of strength
MPRegen 0.13/turn                m - +6 ring of strength

@: no status effects
A: no striking features
a: Renounce Religion, Smiting


You were on level 8 of the Dungeon.
You worshipped Beogh.
Beogh was most pleased with you.
You visited 1 branch of the dungeon, and saw 8 of its levels.

You collected 418 gold pieces.
You spent 211 gold pieces at shops.


   Skills:
 + Level 8.7 Fighting
 * Level 12.8 Axes
 - Level 2.4 Dodging
 - Level 1.5 Stealth
 - Level 5.0 Invocations


You had 8 spell levels left.
You didn't know any spells.
Your spell library contained the following spells:

 Spells                   Type           Power      Damage    Failure   Level
 Apportation              Tloc           0%         N/A       63%         1
 Necrotise                Necr           0%         1d4       63%         1
 Summon Small Mammal      Summ           0%         N/A       63%         1
 Inner Flame              Hex/Fire       0%         N/A       94%         3
 Flame Wave               Conj/Fire      0%         2d4       100%        4
 Sticky Flame             Conj/Fire      0%         2d3       100%        4

Inventory:

Hand Weapons
 O - a +3 hand axe (weapon)
Armour
 o - a +0 pair of gloves (worn)
 s - a +0 chain mail
 u - a +0 scale mail (worn)
 y - a +0 helmet (worn)
Magical Staves
 M - a staff of air
Jewellery
 m - a +6 ring of strength (right hand)
 z - an amulet of the acrobat (around neck)
 H - a ring of resist corrosion
 K - a +6 ring of strength (left hand)
 N - a ring of willpower
Wands
 L - a wand of roots (4)
Scrolls
 d - 9 scrolls of identify {unknown}
 f - 2 scrolls of poison {unknown}
 i - a scroll of vulnerability {unknown}
 j - a scroll of butterflies {unknown}
 l - a scroll of immolation {unknown}
 n - 3 scrolls of noise {unknown}
 q - 4 scrolls of teleportation {@r4}
 r - a scroll of brand weapon {unknown}
 x - 2 scrolls of fog {unknown}
 A - a scroll of fear {unknown}
 B - a scroll of amnesia {unknown}
 D - 2 scrolls of magic mapping {unknown}
 G - a scroll of torment {unknown}
 I - a scroll of silence {unknown}
 J - 2 scrolls of enchant weapon {unknown}
Potions
 c - a potion of ambrosia
 e - 2 potions of lignification {unknown}
 g - 2 potions of haste {unknown}
 h - 2 potions of flight {unknown}
 k - 2 potions of might {unknown}
 p - 2 potions of attraction {unknown}
 t - 2 potions of mutation {unknown}
 v - 5 potions of curing {@q1}
 w - 3 potions of degeneration {unknown}
 C - 5 potions of heal wounds {@q2}
 E - 2 potions of resistance
 F - a potion of berserk rage {unknown}

Dungeon Overview and Level Annotations

Branches:
Dungeon (8/15)             Temple (0/1) D:7
   Lair: D:8-11

Altars:
Elyvilon
Ru
Xom
Zin

Shops:
D:3 ! D:5

? ▒▒▒.▒ ▒.▒ ▒.▒
..O......▒▒.▒ ▒.▒
..▒▒▒▒▒..▒▒.▒ ▒.▒▒
▒▒▒....▒▒.▒ ▒..▒
....▒.....▒▒▒▒▒▒.▒
▒........▒▒▒...▒.▒
..▒▒.▒▒[.........▒
▒.....[..oo......▒
▒▒▒...▒▒)▒ooo....▒
▒......▒O▒o..▒)▒
▒▒.▒▒▒▒▒.▒▒.▒▒.▒
▒. ▒...▒...▒ ▒
▒▒▒▒ ▒▒▒▒


You could see a two-headed ogre (ally target), a friendly orc warrior, a
friendly orc priest, a friendly orc wizard (invisible) and 2 friendly orcs.


Message History

Your orc wizard mumbles some strange words.
Your orc wizard flickers and vanishes for a moment.
Your orc hits the two-headed ogre with a +0 falchion.
The two-headed ogre hits you with a +0 giant spiked club!!
The two-headed ogre hits you with a +0 giant club.
* * * LOW HITPOINT WARNING * * *
You slash the two-headed ogre!
The two-headed ogre is lightly wounded.
Your orc hits the two-headed ogre with a +0 falchion.
You barely miss the two-headed ogre.
The two-headed ogre is moderately wounded.
The two-headed ogre barely misses you. The two-headed ogre barely misses you.
You barely miss the two-headed ogre.
The two-headed ogre is moderately wounded.
You slash the two-headed ogre!
The two-headed ogre is heavily wounded.
You hit the two-headed ogre.
The two-headed ogre is heavily wounded.
The two-headed ogre closely misses you. The two-headed ogre barely misses you.
You slash the two-headed ogre!
The two-headed ogre is severely wounded.
Your orc wizard hits the two-headed ogre with a +0 dagger.
You hit the two-headed ogre.
The two-headed ogre is severely wounded.
The two-headed ogre hits you with a +0 giant spiked club!!
* * * LOW HITPOINT WARNING * * *
The two-headed ogre hits you with a +0 giant club!!
You die...

Action                     |  1- 3 |  4- 6 |  7- 9 || total
---------------------------+-------+-------+-------++-------
  Melee: Hand axe          |   122 |   159 |   330 ||   611
         Punch             |       |     2 |     4 ||     6
 Invoke: Convert to Beogh  |       |     1 |       ||     1
         Smiting           |       |       |     3 ||     3
  Evoke: Wand              |       |       |     1 ||     1
   Stab: Sleeping          |     2 |       |       ||     2
         Confused          |       |       |     1 ||     1
 Armour: Robe              |    23 |       |       ||    23
         Chain mail        |    11 |       |       ||    11
         Scale mail        |       |    83 |    98 ||   181
  Dodge: Dodged            |    76 |    91 |   154 ||   321

Levels and vault maps discovered:
D:1:      dpeg_arrival_rooms_with_view, layout_basic,
          shapermc_ecumenical_altar_mp_ritualfount, minmay_crystal_water
D:2:      layout_rooms, kennysheep_generic_room_6, uniq_terence
D:3:      layout_rooms, serial_shops, nicolae_shop_advertising_works
          [nicolae_subvault_shop_adworks], minmay_misc_feat_alley, uniq_robin
D:4:      layout_basic, uniq_duvessa, uniq_menkaure
D:5:      minmay_general_purpose_star, layout_rooms, minitemple, serial_shops,
          nicolae_square_shop
D:6:      layout_loops_ring
D:7:      layout_basic, minmay_temple_entry_nine_rooms
D:8:      layout_loops_ring

Notes
Turn   | Place    | Note
-------+----------+-------------------------------------------
     0 | D:1      | sanka the Hill Orc Monk began the quest for the Orb.
     0 | D:1      | Reached XP level 1. HP: 19/19 MP: 1/1
   162 | D:1      | Reached XP level 2. HP: 26/27 MP: 2/2
   828 | D:1      | Found a faded altar of an unknown god.
  1203 | D:2      | Reached skill level 4 in Fighting
  1318 | D:2      | Reached skill level 5 in Axes
  1360 | D:2      | Noticed Terence
  1524 | D:2      | Reached XP level 3. HP: 33/33 MP: 3/3
  2025 | D:2      | Killed Terence
  2026 | D:2      | Reached XP level 4. HP: 25/41 MP: 4/4
  2145 | D:3      | Became a worshipper of Beogh the Brigand
  2145 | D:3      | Reached * piety under Beogh
  2145 | D:3      | Reached ** piety under Beogh
  2205 | D:3      | Reached skill level 6 in Axes
  2273 | D:3      | Noticed Robin
  2544 | D:3      | Killed Robin
  2592 | D:3      | Found Voromi Apov's Distillery.
  2617 | D:3      | Reached XP level 5. HP: 40/47 MP: 5/5
  2729 | D:3      | Reached skill level 5 in Fighting
  2748 | D:4      | Noticed a phantom
  2776 | D:4      | Killed a phantom
  2777 | D:4      | Reached skill level 7 in Axes
  2777 | D:4      | Reached XP level 6. HP: 46/56 MP: 6/6
  3190 | D:3      | Bought 2 potions of heal wounds for 130 gold pieces
  3190 | D:3      | Bought a potion of curing for 39 gold pieces
  3228 | D:4      | Noticed Menkaure
  3247 | D:4      | Killed Menkaure
  3248 | D:4      | Reached skill level 8 in Axes
  3248 | D:4      | Reached skill level 1 in Invocations
  3265 | D:4      | Noticed an ice beast
  3418 | D:4      | Killed an ice beast
  3419 | D:4      | Reached skill level 6 in Fighting
  3419 | D:4      | Reached skill level 2 in Invocations
  3419 | D:4      | Reached XP level 7. HP: 56/63 MP: 8/8
  3649 | D:4      | Noticed Duvessa
  3656 | D:4      | Noticed Dowan
  3695 | D:4      | Killed Duvessa
  3696 | D:4      | Reached skill level 9 in Axes
  3821 | D:4      | Killed Dowan
  3822 | D:4      | Reached skill level 3 in Invocations
  4190 | D:5      | Entered Level 5 of the Dungeon
  4200 | D:5      | Found a sacrificial altar of Ru.
  4289 | D:5      | Found a glowing silver altar of Zin.
  4290 | D:5      | Found a white marble altar of Elyvilon.
  4291 | D:5      | Found a shimmering altar of Xom.
  4638 | D:5      | Reached XP level 8. HP: 70/71 MP: 10/10
  4736 | D:5      | Found Loingipy's Magic Scroll Boutique.
  4750 | D:5      | Bought a scroll of teleportation for 42 gold pieces
  4816 | D:5      | Reached skill level 10 in Axes
  4816 | D:5      | Reached skill level 4 in Invocations
  4927 | D:5      | Reached *** piety under Beogh
  5197 | D:6      | Reached skill level 7 in Fighting
  5683 | D:6      | Reached skill level 5 in Invocations
  5782 | D:7      | Reached skill level 11 in Axes
  5864 | D:7      | Reached skill level 8 in Fighting
  5864 | D:7      | Reached XP level 9. HP: 58/81 MP: 12/12
  5977 | D:7      | Reached skill level 12 in Axes
  6498 | D:7      | Found a staircase to the Ecumenical Temple.
  7062 | D:8      | Noticed a two-headed ogre
  7210 | D:8      | Mangled by a two-headed ogre

Vanquished Creatures
  A steam dragon (D:7)
  Menkaure (D:4)
  Duvessa (D:4)
  3 ice beasts
  A black bear (D:5)
  2 phantoms
  A bullfrog (D:7)
  A scorpion (D:5)
  A kobold brigand (D:7)
  Dowan (D:4)
  3 wights (D:8)
  5 hounds
  A jelly (D:6)
  A gnoll bouda (D:5)
  Terence (D:2)
  2 iguanas
  4 orc wizards
  Robin (D:3)
  10 gnolls
  4 adders
  A white imp (D:6)
  An ufetubus (D:6)
  2 worms
  A dart slug (D:4)
  10 orcs
  4 ball pythons
  7 bats
  2 endoplasms
  2 giant cockroaches
  13 goblins
  5 hobgoblins
  3 jackals (D:2)
  18 kobolds
  4 quokkas
  A frilled lizard (D:3)
  4 rats
123 creatures vanquished.

Vanquished Creatures (collateral kills)
  A water moccasin (D:7)
  A black bear (D:6)
  2 kobold brigands
  A bullfrog (D:7)
  2 orc priests
  A sleepcap (D:7)
  An orc (D:7)
  3 kobolds
12 creatures vanquished.

Vanquished Creatures (others)
  An orc priest (D:3)
  6 orcs
7 creatures vanquished.

Grand Total: 142 creatures vanquished
